 Dungeon Crawl Stone Soup version 0.18.1-5-g4a78601 (webtiles) character file.

1061 Jerry the Shield-Bearer (level 8, 58/58 HPs)
             Began as a Formicid Fighter on May 14, 2016.
             Was an Initiate of Ashenzari.
             Quit the game on level 5 of the Dungeon.
             The game lasted 00:19:18 (4556 turns).

Jerry the Shield-Bearer (Formicid Fighter)          Turns: 4556, Time: 00:19:18

Health: 58/58      AC: 11    Str: 24    XL:     8   Next: 52%
Magic:  8/8        EV: 10    Int:  7    God:    Ashenzari [......]
Gold:   190        SH:  5    Dex: 10    Spells: 0 memorised, 7 levels left

rFire  . . .     SeeInvis +     a - +1 war axe
rCold  . . .     Gourm    .     b - +0 scale mail
rNeg   . . .     Faith    .     v - +0 buckler
rPois  .         Spirit   .     (helmet unavailable)
rElec  .         Dismiss  .     (no cloak)
rCorr  .         Reflect  .     (no gloves)
SustAt .         Harm     .     (no boots)
MR     +....                    (no amulet)
Stlth  ..........               (no ring)
                                n - ring of protection from magic

@: somewhat resistant to hostile enchantments, extremely unstealthy
A: permanent stasis, dig shafts and tunnels, four strong arms, antennae 3, thin
metallic scales 1, yellow scales 1, mutation resistance 1
a: Dig, Shaft Self, Curse Item, Renounce Religion


You were on level 5 of the Dungeon.
You worshipped Ashenzari.
Ashenzari was noncommittal.
You were not hungry.

You visited 1 branch of the dungeon, and saw 5 of its levels.
You also visited: Sewer.

You collected 190 gold pieces.

Inventory:

Hand Weapons
 a - a +1 war axe (weapon)
 p - a +0 hand axe
Armour
 b - a +0 scale mail (worn)
 c - a +1 shield
 v - a +0 buckler (worn)
Jewellery
 n - a ring of protection from magic (left hand)
Wands
 d - a wand of flame (31/48)
Scrolls
 e - a scroll of fog {unknown}
 l - 2 scrolls of blinking
 r - 3 scrolls of remove curse
 s - a scroll of magic mapping {unknown}
 u - 2 scrolls of recharging {unknown}
 w - 2 scrolls of teleportation {unknown}
Potions
 j - 4 potions of cure mutation {unknown}
 k - 4 potions of curing
 m - a potion of ambrosia {unknown}
 x - 2 potions of haste {unknown}
 z - a potion of heal wounds {unknown}
 B - a potion of flight {unknown}
Comestibles
 f - 4 bread rations
 g - 3 chunks of flesh
 h - a beef jerky
 i - 2 slices of pizza
 o - 10 fruits
 q - a royal jelly
 t - a meat ration


   Skills:
 - Level 3.2 Fighting
 + Level 5.9 Axes
 + Level 6.8 Armour
 + Level 7.2 Shields


You had 7 spell levels left.
You didn't know any spells.

Dungeon Overview and Level Annotations

Branches:
Dungeon (5/15)
 Temple: D:4-7

Altars:
Ashenzari
Dithmenos
Gozag
Sif Muna
Trog
Xom


Innate Abilities, Weirdness & Mutations

You are under a permanent stasis effect.
You can dig through walls and to a lower floor.
Your four strong arms can wield two-handed weapons with a shield.
You have a pair of large antennae on your head (SInv).
You are partially covered in thin metallic scales (AC +2).
You are partially covered in yellow scales (AC +2).
You are somewhat resistant to further mutation.


Message History

There is a stone staircase leading up here.
You block the worker ant's attack.
You closely miss the worker ant.
The worker ant bites you but does no damage.
You slash the worker ant!
The worker ant is heavily wounded.
You block the worker ant's attack.
The worker ant bites you but does no damage.
You slash the worker ant!
You kill the worker ant!
No target in view!
A dart slug comes into view.
You slash the dart slug!
You kill the dart slug!
No target in view!
No target in view!
You see here a dart slug corpse.
You butcher the dart slug corpse.
g - 3 chunks of flesh (gained 1) Are you sure you want to abandon this character and quit the game? (Confirm with "yes".)

#. #. ## #. .. .
#. .# .#
#.###.##.#
#......ยง.##
#....._...
#.@......#
#..##.##.#
#####..#<..#.##
...............+
#######.#...####
#.##.## ... ##
#.#. #. .


There were no monsters in sight!

Vanquished Creatures
  Pikel (D:4)
  A slave (D:4)
  2 big kobolds (Sewer)
  A scorpion (D:4)
  A howler monkey (D:4)
  A quasit (D:4)
  A centaur skeleton (D:4)
  2 worker ants
  7 adders
  5 river rats
  A shadow imp (D:3)
  9 worms
  4 dart slugs
  3 giant geckos
  An orc (D:3)
  3 giant cockroaches
  9 goblins
  5 hobgoblins
  11 jackals
  2 quokkas (D:2)
  11 ball pythons
  4 bats
  7 giant newts
  13 kobolds
  10 rats
115 creatures vanquished.

Notes
Turn   | Place    | Note
--------------------------------------------------------------
     0 | D:1      | Jerry the Formicid Fighter began the quest for the Orb.
     0 | D:1      | Reached XP level 1. HP: 18/18 MP: 1/1
   119 | D:1      | Reached XP level 2. HP: 15/24 MP: 2/2
   556 | D:1      | Reached XP level 3. HP: 27/29 MP: 3/3
  1081 | D:2      | Reached skill level 4 in Shields
  1081 | D:2      | Reached XP level 4. HP: 11/35 MP: 4/4
  1505 | D:2      | Found a bloodstained altar of Trog.
  1820 | D:3      | Reached XP level 5. HP: 32/41 MP: 5/5
  2645 | D:4      | Found a glowing drain.
  2670 | Sewer    | Entered a sewer
  2909 | Sewer    | Noticed a big kobold
  2935 | Sewer    | Killed a big kobold
  2935 | Sewer    | Reached skill level 5 in Shields
  2935 | Sewer    | Reached XP level 6. HP: 43/47 MP: 6/6
  3206 | Sewer    | Reached skill level 5 in Armour
  3666 | Sewer    | Reached XP level 7. HP: 46/52 MP: 7/7
  3721 | Sewer    | Gained mutation: You are partially covered in yellow scales (AC +2). [potion of mutation]
  3721 | Sewer    | Gained mutation: You are somewhat resistant to further mutation. [potion of mutation]
  3722 | Sewer    | Gained mutation: You are partially covered in thin metallic scales (AC +2). [potion of mutation]
  4050 | D:4      | Reached skill level 6 in Shields
  4317 | D:4      | Noticed Pikel
  4324 | D:4      | Killed Pikel
  4324 | D:4      | Reached skill level 5 in Axes
  4324 | D:4      | Reached skill level 7 in Shields
  4324 | D:4      | Reached XP level 8. HP: 41/58 MP: 8/8
  4346 | D:4      | Found an opulent altar of Gozag.
  4346 | D:4      | Found a deep blue altar of Sif Muna.
  4357 | D:4      | Found a shimmering altar of Xom.
  4424 | D:4      | Found a shattered altar of Ashenzari.
  4427 | D:4      | Became a worshipper of Ashenzari the Shackled
  4545 | D:5      | Entered Level 5 of the Dungeon
  4545 | D:5      | Found a shadowy altar of Dithmenos.
  4556 | D:5      | Quit the game

Skill      XL: |  1  2  3  4  5  6  7 |
---------------+----------------------+-----
Armour         | 4 5 6 |  6.8
Shields        | 4 5 7 |  7.2
Axes           | 3 4 5 |  5.9
Fighting       | |  3.2

Action                   |  1- 3 |  4- 6 |  7- 9 || total
-------------------------+-------+-------+-------++-------
Melee: War axe           |   107 |       |    83 ||   190
       Hand axe          |    37 |   311 |       ||   348
  Use: Scroll            |       |       |     4 ||     4
       Potion            |       |       |     3 ||     3
  Eat: Chunk             |     1 |     8 |     4 ||    13
Armor: Scale mail        |    78 |   110 |    71 ||   259
Dodge: Dodged            |    49 |   105 |    57 ||   211
Block: Shield            |    78 |    38 |       ||   116
       Buckler           |       |    39 |    27 ||    66
